 Dungeon Crawl Stone Soup version 0.28-a0-233-gb8ca4b6547 (webtiles) character file.

Game seed: 9966969049236373825

3368 Spaninq the Cruncher (level 9, -5/72 HPs)
             Began as a Yellow Draconian Gladiator on Aug 22, 2021.
             Was a Priest of Hepliaklqana.
             Slain by a gnoll sergeant (14 damage)
             ... in a bailey.
             The game lasted 00:23:38 (9069 turns).

Spaninq the Cruncher (Yellow Draconian Gladiator)   Turns: 9069, Time: 00:23:38

Health: -5/72      AC: 11    Str: 19    XL:     9   Next: 73%
Magic:  10/10      EV: 14    Int:  9    God:    Hepliaklqana [***...]
Gold:   318        SH:  0    Dex: 13    Spells: 8/8 levels left

rFire   . . .      SeeInvis .   a - +0 quarterstaff
rCold   . . .      Faith    .   (shield currently unavailable)
rNeg    . . .      Spirit   .   (armour unavailable)
rPois   .          Reflect  .   b - +1 hat
rElec   .          Harm     .   (no cloak)
rCorr   +          Rampage  .   g - +2 pair of gloves
Will    .....                   (no boots)
Stlth   +.........              (no amulet)
HPRegen 0.22/turn               (no ring)
MPRegen 0.12/turn               (no ring)

@: mighty, short of breath
A: reduced essence, spit acid, AC +7, unfitting armour, cold-blooded, acid
resistance, subdued magic 1, MP-powered wands
a: Breathe Acid, Renounce Religion, Recall Ancestor, Ancestor Identity,
Transference


You were in a bailey.
You worshipped Hepliaklqana.
Hepliaklqana was most pleased with you.
You visited 2 branches of the dungeon, and saw 9 of its levels.
You also visited: Bailey.

You collected 318 gold pieces.

Inventory:

Hand Weapons
 a - a +0 quarterstaff (weapon)
 h - a +3 hand axe
 i - a +3 halberd
Missiles
 c - 4 throwing nets
 f - 5 silver boomerangs (quivered)
Armour
 b - a +1 hat (worn)
 g - a +2 pair of gloves (worn)
Magical Staves
 j - a staff of cold
Wands
 q - a wand of polymorph (8)
Scrolls
 e - 2 scrolls of identify
 o - a scroll of fear
Potions
 d - a potion of might
 m - 2 potions of cancellation


   Skills:
 + Level 7.8 Fighting
 * Level 10.1 Staves
 - Level 1.7 Throwing
 + Level 6.8 Dodging
 + Level 1.9 Invocations


You had 8 spell levels left.
You didn't know any spells.
Your spell library contained the following spells:

 Spells                   Type           Power      Damage    Failure   Level
 Animate Skeleton         Necr           0%         N/A       34%         1
 Apportation              Tloc           0%         N/A       34%         1
 Corona                   Hex            0%         N/A       34%         1
 Summon Small Mammal      Summ           0%         N/A       34%         1
 Mephitic Cloud           Conj/Pois/Air  0%         N/A       73%         3
 Ozocubu's Armour         Ice            0%         N/A       73%         3
 Fulminant Prism          Conj/Hex       0%         3d6       98%         4
 Bolt of Magma            Conj/Fire/Erth 0%         4d4       100%        5
 Orb of Destruction       Conj           0%         N/A       100%        7
 Ozocubu's Refrigeration  Ice            0%         4d5       100%        7


Dungeon Overview and Level Annotations

Branches:
Dungeon (8/15)             Temple (1/1) D:4          Bailey (1/1)
   Lair: D:8-11

Altars:
Ashenzari
Cheibriados
Dithmenos
Elyvilon
Fedhas
Gozag
Hepliaklqana
Kikubaaqudgha
Makhleb
Nemelex Xobeh
Okawaru
Qazlal
Ru
Sif Muna
Trog
Uskayaw
Vehumet
Wu Jian
Xom
Yredelemnul
Zin
The Shining One

Shops:
D:1 *

Annotations:
D:6 1 runed translucent door, RandomusNamus's ghost, novice DrBe
D:7 2 transporters, spicyOOTC's ghost, novice GrBe


Innate Abilities, Weirdness & Mutations

Your life essence is reduced to manifest your ancestor. (-10% HP)
You can spit globs of acid.
Your golden yellow scales are hard. (AC +7)
You cannot fit into any form of body armour.
You are cold-blooded and may be slowed by cold attacks.
You are resistant to acid. (rCorr)
Your spells are a little easier to cast, but a little less powerful.
You expend magic power (3 MP) to strengthen your wands.


Message History

The acid splashes onto the gnoll sergeant!
The gnoll sergeant is splashed with acid.
The gnoll sergeant hits you from afar with a +0 glaive.
The gnoll sergeant misses you.
Shield completely misses the gnoll.
The gnoll closely misses you. The gnoll misses you.
You sock the gnoll!
You kill the gnoll!
The gnoll sergeant completely misses you.
The gnoll sergeant hits you from afar with a +0 glaive!
The gnoll shaman calls upon its god to speed up the gnoll sergeant.
The gnoll sergeant seems to speed up.
Shield hits the gnoll sergeant with a +0 flail!
The gnoll misses you. The gnoll sergeant barely misses you.
There is an open door here.
The gnoll completely misses something.
The gnoll sergeant closely misses you.
Shield blocks something's attack.
There is an open door, spattered with blood here.
Things that are here:
a +0 halberd; a +0 ring mail; a gnoll corpse The gnoll sergeant hits Shield with a +0 glaive!
The gnoll sergeant hits Shield with a +0 glaive!
You feel very mighty all of a sudden.
The gnoll sergeant hits you from afar with a +0 glaive! x2
* * * LOW HITPOINT WARNING * * *
The gnoll hits you with a +0 halberd.
* * * LOW HITPOINT WARNING * * *
You hit the gnoll sergeant.
The gnoll sergeant is moderately wounded.
The gnoll hits you with a +0 halberd.
* * * LOW HITPOINT WARNING * * *
The gnoll sergeant hits you but does no damage.
The gnoll sergeant hits Shield with a +0 glaive!
The gnoll barely misses you.
Okay, then.
Okay, then.
You barely miss the gnoll sergeant.
The gnoll sergeant is moderately wounded.
Shield is no longer covered in acid.
The gnoll sergeant hits you with a +0 glaive!
You die...

♣≈...##.8..... ###..≈.♣
♣≈..##........ #..≈.♣♣
♣≈..#...gg.... #..≈..♣
♣≈..#.).g.##### #..≈..♣
♣≈..#)..g##...## #..≈..♣
♣≈..##g###.....######..≈...
♣≈.....g#)......#...'....).
♣≈....).R.g.8...'.).')...†.
♣≈......#g@...[.#...))..)..
♣≈..##+###.....######.)≈...
♣≈..# ##...## #..≈... ♣≈..#
##### #..≈... ♣≈..# #..≈..♣
♣≈..## #..≈.♣♣ ♣≈...##
#..≈.♣ ♣≈≈...# ..≈≈♣♣
♣♣≈≈≈≈≈≈≈≈≈≈≈ ≈≈≈≈♣♣


You could see the friendly Shield the knight, 2 gnoll sergeants, a gnoll shaman
and a gnoll (fast).

Vanquished Creatures
  A two-headed ogre (D:7)
  Sigmund (D:2)
  A wraith (D:7)
  Menkaure (D:4)
  An orc warrior (D:7)
  A black bear (D:5)
  A necrophage (D:5)
  A bullfrog (D:6)
  3 scorpions
  A water moccasin zombie (D:5)
  A water moccasin skeleton (D:4)
  A jelly (D:4)
  4 orc priests
  4 hounds
  A bullfrog skeleton (D:7)
  2 gnoll shamans (Bailey)
  An iguana (D:6)
  A scorpion zombie (D:5)
  4 orc wizards
  A killer bee zombie (D:5)
  2 hound skeletons
  10 gnolls
  8 adders
  2 worms
  6 dart slugs (D:3)
  16 orcs
  7 endoplasms
  3 giant cockroaches
  8 goblins
  9 hobgoblins
  7 jackals (D:1)
  2 quokkas (D:1)
  7 ball pythons
  A bat (D:1)
  2 frilled lizards
  6 kobolds
  10 rats
138 creatures vanquished.

Vanquished Creatures (collateral kills)
  A steam dragon (D:7)
  2 water moccasins (D:6)
  An ice beast (D:7)
  2 gnoll sergeants (Bailey)
  A water moccasin skeleton (D:5)
  A jelly (D:5)
  7 orc wizards (D:6)
  2 iguanas
  2 adders
  An orc (D:8)
  2 goblins (D:8)
22 creatures vanquished.

Vanquished Creatures (others)
  An orc wizard (D:6)
  A knight (D:7)
  An ancestor (D:5)
  A plant (D:4)
4 creatures vanquished.

Grand Total: 164 creatures vanquished

Notes
Turn   | Place    | Note
-------+----------+-------------------------------------------
     0 | D:1      | Spaninq the Draconian Gladiator began the quest for the
                  | Orb.
     0 | D:1      | Reached XP level 1. HP: 17/17 MP: 1/1
   341 | D:1      | Got the Reference Book on Hurtful Feathers
   504 | D:1      | Reached XP level 2. HP: 22/25 MP: 2/2
   716 | D:1      | Found Uxakiet's Assorted Antiques.
   798 | D:1      | Reached XP level 3. HP: 6/30 MP: 3/3
  1332 | D:2      | Noticed Sigmund
  1392 | D:2      | Reached skill level 4 in Staves
  1975 | D:1      | Reached XP level 4. HP: 32/38 MP: 4/4
  2297 | D:2      | Killed Sigmund
  2298 | D:2      | Reached skill level 5 in Staves
  2298 | D:2      | Reached XP level 5. HP: 21/46 MP: 5/5
  2761 | D:3      | Found a faded altar of an unknown god.
  2844 | D:3      | Reached XP level 6. HP: 52/52 MP: 6/6
  3161 | D:3      | Found a shimmering blue altar of Sif Muna.
  3281 | D:4      | Noticed Menkaure
  3439 | D:4      | Found a staircase to the Ecumenical Temple.
  3452 | Temple   | Entered the Ecumenical Temple
  3516 | Temple   | Became a worshipper of Hepliaklqana the Forgotten
  3721 | D:4      | Identified the +10 chain mail of Binex {+Blink Dex+5}
  4189 | D:4      | Reached skill level 6 in Staves
  4189 | D:4      | Your scales start taking on a golden yellow colour.
  4189 | D:4      | Reached XP level 7. HP: 55/60 MP: 7/7
  4189 | D:4      | Gained mutation: You are resistant to acid. (rCorr) [Yellow
                  | Draconian growth]
  4551 | D:4      | Killed Menkaure
  4845 | D:4      | Reached * piety under Hepliaklqana
  4920 | D:5      | Entered Level 5 of the Dungeon
  4938 | D:5      | Reached skill level 5 in Fighting
  4956 | D:5      | Reached skill level 7 in Staves
  5467 | D:5      | Reached skill level 5 in Dodging
  5467 | D:5      | Reached XP level 8. HP: 40/62 MP: 8/8
  6360 | D:6      | Reached skill level 8 in Staves
  6575 | D:6      | Reached ** piety under Hepliaklqana
  6577 | D:6      | Remembered your ancestor Shield as a knight
  7229 | D:6      | Identified the +11 rapier of the Tiger {chaos, rN+ rCorr}
  7326 | D:6      | Found a runed translucent door.
  7326 | D:6      | Noticed RandomusNamus's ghost (novice DrBe)
  7379 | D:7      | Gained mutation: Your spells are a little easier to cast,
                  | but a little less powerful. [potion of mutation]
  7379 | D:7      | Gained mutation: You expend magic power (3 MP) to
                  | strengthen your wands. [potion of mutation]
  7558 | D:7      | Noticed a two-headed ogre
  7568 | D:7      | Killed a two-headed ogre
  7569 | D:7      | Reached skill level 9 in Staves
  7569 | D:7      | Reached XP level 9. HP: 28/71 MP: 9/9
  7980 | D:7      | Found a sacrificial altar of Ru.
  7981 | D:7      | Found a broken altar of Ashenzari.
  7981 | D:7      | Found a radiant altar of Vehumet.
  8001 | D:7      | Found an iron altar of Okawaru.
  8120 | D:7      | Reached *** piety under Hepliaklqana
  8121 | D:7      | Found a transporter.
  8132 | D:7      | Noticed a moth of wrath
  8135 | D:7      | Found a bloodstained altar of Trog.
  8142 | D:7      | Found a transporter.
  8413 | D:7      | Reached skill level 1 in Invocations
  8474 | D:7      | Noticed spicyOOTC's ghost (novice GrBe)
  8625 | D:8      | Found a flagged portal.
  8649 | Bailey   | Entered a bailey
  8654 | Bailey   | Reached skill level 10 in Staves
  9069 | Bailey   | Slain by a gnoll sergeant

Illustrated notes

Levels and vault maps discovered:
D:1:      minmay_arrival_glassed_features, layout_rooms, serial_shops, shop
D:2:      layout_rooms, minmay_strange_pillars, st_stairs_9, uniq_sigmund
D:3:      kennysheep_slugbush, layout_basic, lemuel_coloured_pillars_altar,
          chequers_ecumenical_altar_simple_redux
D:4:      layout_loops_corners, minmay_temple_entry_proselytizer,
          minmay_misc_feat_square, grunt_ministairs_4, roderic_lattice_a,
          guppyfry_early_lair_pool, uniq_menkaure
D:5:      layout_loops_ring, kennysheep_generic_room_8
D:6:      minmay_flawed_box, layout_basic, gammafunk_ghost_grave
D:7:      layout_basic, grunt_temple_overflow_cloverleaf,
          gammafunk_ghost_wrathful_warriors
D:8:      layout_cave_pools, trog_three_pillars_becter, enter_bailey_3,
          minmay_holes, minmay_the_grid_2x2 [minmay_the_grid_spikes,
          minmay_the_grid_plusring, minmay_the_grid_tree,
          minmay_the_grid_prize_diamond_cup], uniq_maurice
Temple:   nicolae_temple_x_marks_the_god
Bailey:   bailey_polearm_gnolls_kennysheep, bailey

Skill      XL: |  1  2  3  4  5  6  7  8  9 |
---------------+----------------------------+-----
Dodging        | 3 4 5 6 |  6.8
Staves         | 4 5 6 7 9 10 | 10.1
Fighting       | 3 4 5 7 |  7.8
Invocations    | 1 |  1.9
Throwing       | |  1.7

Action                   |  1- 3 |  4- 6 |  7- 9 || total
-------------------------+-------+-------+-------++-------
Melee: Quarterstaff      |   130 |   131 |   228 ||   489
       Tailslap          |    12 |    13 |    28 ||    53
Throw: Throwing net      |     1 |       |       ||     1
Invok: Ancestor Identity |       |       |     1 ||     1
       Recall Ancestor   |       |       |     2 ||     2
       Ancestor Life: Kn |       |       |     1 ||     1
 Abil: Breathe Acid      |       |       |    22 ||    22
  Use: Scroll            |       |       |    12 ||    12
       Potion            |       |       |     7 ||     7
 Stab: Sleeping          |       |     1 |       ||     1
Armor: Skin              |    46 |    29 |    69 ||   144
Dodge: Dodged            |   122 |    69 |   164 ||   355

Table legend: (Time is in decaauts)
 A = Elapsed time spent in this place.
 B = Non-inter-level travel time spent in this place.
 C = Inter-level travel time spent in this place.
 D = Time resting spent in this place.
 E = Time spent auto-exploring this place.
 F = Levels seen in this place.
 G = Mean time per level.
                   A        B        C        D        E       F      G
               +--------+--------+--------+--------+--------+-----+--------+
         Total |   9097 |   8748 |    349 |   1911 |   5068 |  10 |  909.7 |
       Dungeon |   8612 |   8263 |    349 |   1672 |   5068 |   8 | 1076.5 |
        Temple |     72 |     72 |      0 |      0 |      0 |   1 |   72.0 |
        Bailey |    412 |    412 |      0 |    239 |      0 |   1 |  412.0 |
               +--------+--------+--------+--------+--------+-----+--------+

Top non-repeatable levels by time:
     D:1: 1757 daAuts
     D:4: 1543 daAuts
     D:5: 1361 daAuts
     D:7: 1242 daAuts
     D:6: 1076 daAuts
     D:2: 859 daAuts
     D:3: 740 daAuts
  Bailey: 412 daAuts
  Temple: 72 daAuts
     D:8: 30 daAuts
